Mourne, chaotic male orcish Priest # --|---- |......### |.....| # ------ ------- ------`####-.*.>.| ### |....| ------------- ##.......#########......# -.---+- # |....| |......@....| # |.....| |....| ###|....| |.......&....##### |...(.| #...... #...<.| |...........| |......#########------ |....| |...........+ |.....| |....| |...........| |..`..-######### ------ ---------|--- ------- # # ### ## ############# ## ####-.----+--.-- ##|..........| ##.......{...| |..........| ------------ Mourne the Adept Experience level: 9 Strength: 16 Dexterity: 13 Constitution: 18 Intelligence: 13 Wisdom: 16 Charisma: 13 Health: 0(67) Energy: 74(90) Def: 5 Gold: 2603 Moves: 8995 Dungeon seed: blcTrG7qrhvVuIHc Game ID: Mourne_1520711185 Your Inventory: Coins $ - 2603 gold pieces Amulets U - a cursed amulet of restful sleep Weapons a - a blessed rusty +1 mace (weapon in hand) Armor e - an uncursed +0 robe (being worn) n - an uncursed thoroughly rusty +0 orcish shield q - an uncursed +0 pair of low boots (being worn) r - an uncursed +0 dwarvish iron helm (being worn) y - a blessed +1 mummy wrapping Y - an uncursed +0 cloak of displacement Comestibles c - an uncursed clove of garlic d - 2 uncursed sprigs of wolfsbane j - 6 uncursed food rations Scrolls L - an uncursed scroll of blank paper Q - an uncursed scroll of gold detection Rings z - an uncursed ring of conflict K - an uncursed ring of cold immunity (on left hand) Wands o - an uncursed wand of digging (0:0) w - an uncursed wand of magic missile (2:0) D - an uncursed wand of undead turning (0:2) I - an uncursed wand of sleep (0:0) T - an uncursed wand of magic missile (0:6) Tools h - an uncursed oil lamp (0:638) m - an uncursed towel p - an uncursed bag of holding F - an uncursed brass lantern (0:1421) H - an uncursed magic whistle Z - an uncursed lock pick Contents of the bag of holding: a blessed +0 cloak of invisibility a cursed scroll of confuse monster a cursed scroll of create monster an uncursed scroll of destroy armor an uncursed potion of levitation 3 uncursed potions of oil an uncursed potion of paralysis 5 potions of unholy water a cursed ring of invisibility an uncursed ring of levitation an uncursed wand of locking (0:4) Spells and supernatural/magical abilities: Name Level Category Fail Memory a - force bolt 1 attack 0% 96% w - wizard lock 2 matter 0% 96% B - cure blindness 2 healing 0% 89% H - speed monster 3 escape 76% 98% I - identify 2 divination 0% 89% K - cure sickness 3 healing 72% 96% U - detect unseen 3 divination 76% 93% W - pray for help -- divine ? -- X - turn undead -- divine ? -- Your skills at the end: Fighting Skills wands [Basic] Weapon Skills mace [Skilled] Spellcasting Skills clerical spells [Basic] Final Attributes: You were immune to cold. You were sleep resistant. You were immune to poison. You were telepathic. You had infravision. You were invisible. You could teleport. You last prayed 1591 turns ago. You are dead. Vanquished creatures: a ghost a small mimic a xan a large dog 2 freezing spheres a large cat a cockatrice 3 wolves a winter wolf cub a panther a leprechaun a horse a black light 3 gnome kings 2 orc mummies a dwarf mummy a yeti a gold golem 2 lizards a dog a dingo a housecat 2 jaguars a dwarf lord a blue jelly 2 dust vortices a raven a gnome mummy 2 snakes 4 apes 2 human zombies a rope golem 3 Woodland-elves a soldier ant 2 fire ants 4 bugbears 2 quasits a wood nymph 2 Mordor orcs an Uruk-hai 2 rock moles 2 ponies a fog cloud 2 yellow lights 2 violet fungi 12 gnome lords 8 gnomish wizards a kobold mummy an elf zombie a straw golem a little dog 2 floating eyes 3 kittens 10 dwarves a kobold lord 4 hill orcs 5 rothes 3 rabid rats 2 monkeys 4 iguanas 11 killer bees an acid blob 4 coyotes 2 hobbits a large kobold 4 hobgoblins 3 giant rats 3 cave spiders a brown mold a yellow mold 2 red molds 33 gnomes 9 garter snakes 3 geckos 9 jackals a kobold 2 goblins 2 sewer rats 8 grid bugs 3 lichens 2 kobold zombies 6 newts 240 creatures vanquished. Genocided species: minotaurs 1 species genocided. Voluntary challenges: You had been an atheist until turn 7401. You used a wielded weapon 507 times, starting on turn 179. You read items or engraved 95 times, starting on turn 1269. You genocided 1 type of monster, starting on turn 1729. You never polymorphed an object. You never changed form. You used no wishes. You never split a pudding. You wrote Elbereth's name 31 times, starting on turn 6399. You violated your moral code, losing 47 points of alignment, starting on turn 3558. Dungeon overview: The Dungeons of Doom: levels 1 to 16 Level 1 an altar to Athena a long staircase Level 2 a jewelry store, a fountain Level 3 a fountain, a vault Level 4 a general store stairs to The Gnomish Mines Level 5 some fountains, a throne, a vault Level 6 a fountain, a vault Level 7 many fountains Level 8 Level 9 a vault Level 10 a fountain Level 11 an altar to Athena Level 12 Level 13 a fountain, a throne Level 14 some fountains Level 15 a vault Level 16 <- You were here a fountain The Gnomish Mines: levels 5 to 8 Level 5 stairs to The Dungeons of Doom Level 6 Level 7 many shops, a temple to Hermes, some fountains Level 8 History has recorded: On T:1 you entered the Dungeons of Doom to retrieve the Amulet of Yendor! On T:255 you reached level 2 of The Dungeons of Doom. On T:626 you reached level 3 of The Dungeons of Doom. On T:803 you advanced to experience level 2. On T:894 you reached level 4 of The Dungeons of Doom. On T:1249 you reached level 5 of The Dungeons of Doom. On T:1461 you advanced to experience level 3. On T:1519 you advanced to experience level 4. On T:1758 you reached level 6 of The Dungeons of Doom. On T:2089 you reached level 7 of The Dungeons of Doom. On T:2186 you advanced to experience level 5. On T:2412 you reached level 8 of The Dungeons of Doom. On T:2675 you reached level 9 of The Dungeons of Doom. On T:2945 you advanced to experience level 6. On T:3212 you reached level 10 of The Dungeons of Doom. On T:3508 you reached level 11 of The Dungeons of Doom. On T:3564 you advanced to experience level 7. On T:4664 you reached level 1 of The Gnomish Mines. On T:4908 you reached level 2 of The Gnomish Mines. On T:4944 you advanced to experience level 8. On T:5246 you reached level 3 of The Gnomish Mines. On T:5607 you reached level 4 of The Gnomish Mines. On T:7377 you reached level 12 of The Dungeons of Doom. On T:7410 you advanced to experience level 9. On T:8186 you reached level 14 of The Dungeons of Doom. On T:8425 you reached level 15 of The Dungeons of Doom. On T:8619 you reached level 16 of The Dungeons of Doom. Score breakdown: Gold: 2603 (11618 points) Experience: 9 levels (15756 points) Exploration: 16 levels ( 35.56%) (17516 points) Discoveries: 55 items ( 19.03%) (13087 points) Valuables value: (no points given unless you survive) Artifact value: 0 ( 0 points) Variety of kills: 82 monsters ( 21.58%) (13935 points) Turncount: 8995 turns (-2222 points) Survival: died (score multiplied by 80%) Total score: 55752 Latest messages: You see no objects here. You write in the dust with your fingers. The incubus bumps right into you! Something is written here in the dust. You read: "&lbereth". You see no objects here. You add to the writing in the dust with your fingers. The incubus hits! (2x) Something is written here in the dust. You read: "&lberethElber{th". You see no objects here. You miss the incubus. The incubus hits! (2x) You hit the incubus! The incubus hits! (2x) The magic missile hits the incubus! The magic missile bounces! The incubus hits! (2x) You die... Final status: Goodbye Mourne the Priest, killed by an incubus... You died in The Dungeons of Doom on dungeon level 16 with 55752 points, and 2603 pieces of gold, after 8995 moves. You were level 9 with a maximum of 67 hit points when you died.